 Dungeon Crawl Stone Soup version 0.27-a0-1359-ga2a4dfd6fd (webtiles) character file.

Game seed: 11153212288402506473

563564 Sobieck the Wrestler (level 26, -1/141 HPs)
             Began as a Vine Stalker Berserker on June 28, 2021.
             Was the Champion of Trog.
             Slain by a moth of wrath (2 damage)
             ... on level 1 of the Realm of Zot on June 29, 2021.
             The game lasted 02:55:23 (62204 turns).

Sobieck the Wrestler (Vine Stalker Berserker)      Turns: 62204, Time: 02:55:23

Health: -1/141     AC: 37    Str: 38    XL:     26   Next: 72%
Magic:  0/24       EV: 18    Int:  5    God:    Trog [******]
Gold:   2919       SH: 27    Dex: 25    Spells: 25/25 levels left

rFire    + . .     SeeInvis +     - Unarmed
rCold    + + .     Faith    .   q - +0 tower shield
rNeg     + . .     Spirit   +   v - +10 plate armour of the Sacrificial Victim {rN+ Stlth+}
rPois    .         Reflect  .   F - +2 helmet {Int+3}
rElec    +         Harm     .   w - +1 cloak of Slovenliness {rElec rC- Dex+8 SInv}
rCorr    .         Rampage  .   G - +0 pair of gloves of Cheibriados's Envy {Str+9}
Will     +++..                  A - +0 pair of boots {Stlth+}
Stlth    +++++.....             i - amulet of regeneration {@e2}
HPRegen  2.33/turn              T - ring "Rysmahih" {rElec rF+ rC+++ Will- Int-5}
MPRegen  0.19/turn              r - ring "Fotytio" {Will+ Str+3 Dex-3 Slay+3}

@: lethally poisoned (-1 -> -1), about to teleport, on berserk cooldown, slowed,
studying 2 skills, very slow
A: fangs 3, regeneration 1, magic shield, antimagic bite, no potion heal 2
}: 3/15 runes: decaying, serpentine, silver
a: Renounce Religion, Berserk, Trog's Hand, Brothers in Arms


You were on level 1 of the Realm of Zot.
You worshipped Trog.
Trog was exalted by your worship.
You visited 9 branches of the dungeon, and saw 46 of its levels.
You visited the Abyss 2 times.
You also visited: Wizlab.

You collected 7532 gold pieces.
You spent 4613 gold pieces at shops.


Innate Abilities, Weirdness & Mutations

You have razor-sharp teeth.
Your natural rate of healing is unusually fast.
When hurt, damage is shared between your health and your magic reserves.
Your bite disrupts and absorbs the magic of your enemies.
Potions cannot restore your health.


   Skills:
 + Level 15.6 Fighting
 + Level 16.4 Armour
 + Level 12.7 Dodging
 + Level 16.7 Stealth
 + Level 21.3 Shields
 * Level 22.8 Unarmed Combat
 - Level 8.0 Evocations


You had 25 spell levels left.
You didn't know any spells.
Your spell library contained the following spells:

 Spells                   Type           Power      Damage    Failure   Level
 Animate Skeleton         Necr           0%         N/A       97%         1
 Apportation              Tloc           0%         N/A       97%         1
 Corona                   Hex            0%         N/A       97%         1
 Freeze                   Ice            0%         1d3       97%         1
 Pain                     Necr           0%         1d4       97%         1
 Sandblast                Erth           0%         2d4       97%         1
 Shock                    Conj/Air       0%         1d3       97%         1
 Sting                    Tmut/Pois      0%         1d3       97%         1
 Summon Small Mammal      Summ           0%         N/A       97%         1
 Call Imp                 Summ           0%         N/A       99%         2
 Corpse Rot               Necr/Air       N/A        N/A       99%         2
 Ensorcelled Hibernation  Hex/Ice        0%         N/A       99%         2
 Passwall                 Tmut/Erth      0%         N/A       99%         2
 Poisonous Vapours        Pois/Air       0%         N/A       99%         2
 Static Discharge         Conj/Air       0%         N/A       99%         2
 Call Canine Familiar     Summ           0%         N/A       100%        3
 Confusing Touch          Hex            0%         N/A       100%        3
 Conjure Flame            Conj/Fire      0%         6-21      100%        3
 Dazzling Flash           Conj/Hex       0%         N/A       100%        3
 Frozen Ramparts          Ice            0%         1d2       100%        3
 Gell's Gravitas          Tloc           0%         N/A       100%        3
 Ignite Poison            Fire/Tmut/Pois 0%         N/A       100%        3
 Lesser Beckoning         Tloc           0%         N/A       100%        3
 Mephitic Cloud           Conj/Pois/Air  0%         N/A       100%        3
 Ozocubu's Armour         Ice            0%         N/A       100%        3
 Portal Projectile        Hex/Tloc       0%         N/A       100%        3
 Spider Form              Tmut/Pois      0%         N/A       100%        3
 Stone Arrow              Conj/Erth      0%         3d7       100%        3
 Swiftness                Air            0%         N/A       100%        3
 Tukima's Dance           Hex            0%         N/A       100%        3
 Vampiric Draining        Necr           0%         2d6       100%        3
 Airstrike                Air            0%         N/A       100%        4
 Animate Armour           Summ/Erth      0%         N/A       100%        4
 Fulminant Prism          Conj/Hex       0%         3d6       100%        4
 Hailstorm                Conj/Ice       0%         3d3       100%        4
 Ice Form                 Ice/Tmut       0%         N/A       100%        4
 Olgreb's Toxic Radiance  Pois           0%         N/A       100%        4
 Passage of Golubria      Tloc           N/A        N/A       100%        4
 Petrify                  Tmut/Erth      0%         N/A       100%        4
 Agony                    Necr           0%         N/A       100%        5
 Blade Hands              Tmut           0%         N/A       100%        5
 Borgnjor's Vile Clutch   Necr/Erth      0%         N/A       100%        5
 Excruciating Wounds      Necr           0%         N/A       100%        5
 Fireball                 Conj/Fire      0%         3d3       100%        5
 Freezing Cloud           Conj/Ice/Air   0%         6-21      100%        5
 Irradiate                Conj/Tmut      0%         3d14      100%        5
 Lee's Rapid Deconstruct  Erth           0%         3d5*      100%        5
 Lightning Bolt           Conj/Air       0%         1d11      100%        5
 Manifold Assault         Tloc           0%         N/A       100%        5
 Metabolic Englaciation   Hex/Ice        0%         N/A       100%        5
 Silence                  Hex/Air        0%         N/A       100%        5
 Summon Forest            Summ/Tloc      0%         N/A       100%        5
 Yara's Violent Unravell  Hex/Tmut       0%         3d3       100%        5
 Dispersal                Tloc           0%         N/A       100%        6
 Eringya's Noxious Bog    Tmut/Pois      0%         N/A       100%        6
 Invisibility             Hex            0%         N/A       100%        6
 Shadow Creatures         Summ           N/A        N/A       100%        6
 Simulacrum               Ice/Necr       0%         N/A       100%        6
 Starburst                Conj/Fire      0%         8x6d3     100%        6
 Statue Form              Tmut/Erth      0%         N/A       100%        6
 Dragon Form              Tmut           0%         N/A       100%        7
 Ozocubu's Refrigeration  Ice            0%         4d5       100%        7
 Storm Form               Tmut/Air       0%         N/A       100%        7
 Summon Hydra             Summ           0%         N/A       100%        7
 Disjunction              Tloc           0%         N/A       100%        8
 Ignition                 Fire           0%         3d3       100%        8
 Lehudib's Crystal Spear  Conj/Erth      0%         10d2      100%        8
 Chain Lightning          Conj/Air       0%         N/A       100%        9
 Fire Storm               Conj/Fire      0%         5d1       100%        9
 Polar Vortex             Ice            0%         N/A       100%        9
 Shatter                  Erth           0%         3d5*      100%        9

Inventory:

Hand Weapons
 b - the +7 hunting sling of Damp Blind Justice {venom, Will+ rCorr, sling}
   (You found it on level 3 of the Elven Halls)

   It poisons the ammo it fires.
   rCorr:     It protects you from acid and corrosion.
   Will:      It increases your willpower.
Missiles
 d - 1509 stones (quivered) {throwing}
 l - 17 silver javelins {throwing}
 m - 93 poisoned darts {throwing}
 n - 47 boomerangs {throwing}
 p - 23 javelins {throwing}
 M - 279 sling bullets
 N - 6 throwing nets {=f!fthrowing}
 S - 10 atropa-tipped darts {throwing}
Armour
 q - a +0 tower shield (worn)
   (You took it off a vault warden on level 2 of the Vaults)
 v - the +10 plate armour of the Sacrificial Victim (worn) {rN+ Stlth+}
   (You found it on level 4 of the Dungeon)

   rN:        It protects you from negative energy.
   Stlth:     It makes you more stealthy.
 w - the +1 cloak of Slovenliness (worn) {rElec rC- Dex+8 SInv}
   (You found it on level 5 of the Vaults)

   Dex:       It affects your dexterity (+8).
   rC:        It makes you vulnerable to cold.
   rElec:     It insulates you from electricity.
   SInv:      It lets you see invisible.
 A - a +0 pair of boots of stealth (worn)
   (You found it on level 3 of the Elven Halls)
 F - a +2 helmet of intelligence (worn)
   (You acquired it on level 1 of the Vaults)
 G - the +0 pair of gloves of Cheibriados's Envy (worn) {Str+9}
   (You bought it in a shop on level 2 of the Snake Pit)

   Str:       It affects your strength (+9).
Jewellery
 e - the ring of the Frog {Fly SInv}
   (You found it in a wizard's laboratory)

   [ring of see invisible]

   SInv:      It lets you see invisible.
   Fly:       It grants you flight.
 i - an amulet of regeneration (around neck) {@e2}
   (You bought it in a shop on level 15 of the Dungeon)
 r - the ring "Fotytio" (right hand) {Will+ Str+3 Dex-3 Slay+3}
   (You bought it in a shop on level 2 of the Orcish Mines)

   [ring of willpower]

   Str:       It affects your strength (+3).
   Dex:       It affects your dexterity (-3).
   Slay:      It affects your accuracy & damage with ranged weapons and melee
   (+3).
   Will:      It increases your willpower.
 D - a +4 ring of slaying
   (You found it on level 3 of the Vaults)
 H - a ring of poison resistance
   (You found it on level 15 of the Dungeon)
 J - the ring of the Lumpy Ziggurats {rC+ Str+3}
   (You found it on level 6 of the Lair of Beasts)

   [ring of protection from cold]

   Str:       It affects your strength (+3).
   rC:        It protects you from cold.
 O - a ring of resist corrosion
   (You took it off a vault sentinel on level 5 of the Vaults)
 T - the ring "Rysmahih" (left hand) {rElec rF+ rC+++ Will- Int-5}
   (You found it on level 9 of the Dungeon)

   [ring of protection from fire]

   Int:       It affects your intelligence (-5).
   rF:        It protects you from fire.
   rC:        It renders you almost immune to cold.
   rElec:     It insulates you from electricity.
   Will:      It decreases your willpower.
 Y - a ring of protection from fire
   (You took it off a deep elf sorcerer on level 3 of the Elven Halls)
Wands
 c - a wand of digging (13)
   (You found it on level 6 of the Dungeon)
 y - a wand of acid (36)
   (You found it on level 6 of the Dungeon)
Scrolls
 s - 3 scrolls of fog
 t - 40 scrolls of identify {@r1}
 u - 3 scrolls of blinking {!r}
 x - 6 scrolls of summoning
 B - 7 scrolls of immolation {!r!r}
 K - 11 scrolls of teleportation {@r4}
 L - 4 scrolls of magic mapping {!r}
 P - 2 scrolls of silence {!r}
 X - 3 scrolls of holy word
 Z - 6 scrolls of fear
Potions
 a - 7 potions of haste {@q3}
 h - 10 potions of might
 j - 5 potions of ambrosia
 o - 14 potions of curing {@q1}
 z - 3 potions of magic
 E - 10 potions of lignification {!q}
 I - 2 potions of cancellation
 W - 24 potions of mutation {!q}
Miscellaneous
 f - a lightning rod (4/4)
   (You found it on level 10 of the Dungeon)
 g - a box of beasts
   (You found it on level 3 of the Elven Halls)
 C - a phial of floods
   (You found it on level 1 of the Vaults)
 Q - a condenser vane
   (You found it on level 12 of the Dungeon)
 R - a phantom mirror
   (You found it on level 3 of the Vaults)
 U - a piece from Xom's chessboard (15/15)
   (You found it on level 1 of the Lair of Beasts)
 V - a tin of tremorstones (2/2) {throwing}
   (You found it on level 3 of the Elven Halls)

Dungeon Overview and Level Annotations

Branches:
Dungeon (15/15)            Temple (0/1) D:6            Lair (6/6) D:9
  Swamp (4/4) Lair:3        Snake (4/4) Lair:3        Slime (0/5) Lair:6
    Orc (2/2) D:9             Elf (3/3) Orc:2        Vaults (5/5) D:13
  Crypt (0/3) Vaults:3     Depths (5/5) D:15            Zot (2/5) Depths:5
 WizLab (visited)

Altars:
Dithmenos
Kikubaaqudgha
Makhleb
Nemelex Xobeh
Okawaru
Qazlal
Trog
Uskayaw
Vehumet
Wu Jian
Xom
Beogh
Jiyva
Lugonu

Shops:
D:6 :   D:9 :=   D:13 *   D:14 (   D:15 =   Orc:2 ?[=**   Elf:3 (   Snake:1 [[
Snake:2 [[(   Snake:3 *   Vaults:1 ?   Vaults:2 *   Vaults:3 =   Vaults:5 !
Depths:4 :   Depths:5 *[

Portals:
Hell: Depths:1 Depths:2 Depths:3 Depths:4 Depths:5
Abyss: Depths:2 Depths:4 Depths:5
Pandemonium: Depths:1 Depths:2 Depths:3 Depths:5
Ziggurat: Depths:1

Annotations:
Lair:3 exclusion: oklob plant
Swamp:1 3 runed translucent doors, Iruic's ghost, adept OgFi
Elf:2 3 runed translucent doors
Vaults:4 exclusion: 2 downstairs
Depths:4 2 transporters

§§§ #.# #...###...# #.# # (.§§
#.# #.........# #.# #
..§.#########.......## #.# #
...≈≈##≈§#≈≈#.......# ##.# #
....≈§§§§§§≈##......# #..####
...q§≈.q§.§≈§##.....# #...#..
....≈.....d≈§§##...## #......
........)ddd≈D≈###.######).....
..........dp*D@§........)..####
..........dq§y≈###........## #
....≈.....§§§y##..........#
....≈≈...§≈§≈###########..##
...§≈≈≈≈§§≈§## ##..#
...§≈##≈§#§§# #..# .≈.# #######
##.## §≈ #..# # ### #..###


You could see an orb of fire, a Killer Klown, a red draconian monk, a golden
dragon (berserk), a storm dragon (berserk), a yellow draconian, a purple
draconian (berserk), a red draconian (slow, catching breath), 2 draconians, a
green draconian shifter and 2 moths of wrath.


Message History

Your storm dragon tramples the storm dragon.
The storm dragon holds its ground!
You block the green draconian's attack. The green draconian tail-slaps you.
You are poisoned.
The green draconian poisons you!
The white draconian hits you with a +0 dire flail.
The Killer Klown blinks!
The storm dragon closely misses your storm dragon.
The storm dragon completely misses your storm dragon.
The storm dragon tramples your storm dragon but does no damage.
The red draconian hits you but does no damage.
Your storm dragon bites the storm dragon!
Your storm dragon misses the storm dragon.
Your storm dragon closely misses the storm dragon. 😮 HP[-4] MP[-2]
You take 4 damage, and now have 95/141 hp.
You lost 2 mp, and now have 19/24 mp.
You feel extremely sick.
The red draconian is no longer berserk.
The storm dragon bites your storm dragon!
The storm dragon claws your storm dragon but does no damage.
The storm dragon tramples your storm dragon.
Your storm dragon is shoved backwards!
The white draconian completely misses you.
Your storm dragon bites the storm dragon but does no damage.
Your storm dragon barely misses the storm dragon.
Your storm dragon tramples the storm dragon!
The storm dragon holds its ground!
You block the green draconian's attack.
The green draconian completely misses you.
The storm dragon bites your storm dragon but does no damage.
The storm dragon claws your storm dragon!
The storm dragon tramples your storm dragon but does no damage.
You block the white draconian's attack.
The moth of wrath goads the golden dragon on!
The golden dragon goes berserk!
Your storm dragon barely misses the storm dragon.
Your storm dragon claws the storm dragon but does no damage.
Your storm dragon tramples the storm dragon!
The storm dragon is shoved backwards!
The red draconian breathes fire at you.
The searing blast hits you but does no damage.
The green draconian shifter blinks!
The storm dragon bites your storm dragon!!
The storm dragon claws your storm dragon.
The storm dragon tramples your storm dragon but does no damage. 😮 HP[-5] MP[+1]
You take 5 damage, and now have 90/141 hp.
You feel very sick.
Your storm dragon bites the storm dragon!
Your storm dragon claws the storm dragon!
Your storm dragon tramples the storm dragon but does no damage.
You block the white draconian's attack.
The storm dragon bites your storm dragon!!
The storm dragon claws your storm dragon.
The storm dragon tramples your storm dragon!
Your storm dragon holds its ground!
Your storm dragon dies!
Your storm dragon's corpse dissolves into shadows!
The green draconian rages.
The white draconian misses you.
The white draconian hits you but does no damage.
The golden dragon rages.
You block the purple draconian's attack.
The white draconian hits you with a +0 short sword!!
* * * LOW HITPOINT WARNING * * *
The white draconian misses you. 😨 HP[-23] MP[-4]
You take 23 damage, and now have 67/141 hp.
You lost 4 mp, and now have 16/24 mp.
Unknown command.
You feel very sick. You block the golden dragon's attack.
The golden dragon completely misses you.
The golden dragon tramples you!!
* * * LOW HITPOINT WARNING * * *
You hold your ground!
The moth of wrath angrily waves its antennae.
You block the golden dragon's attack.
The golden dragon claws you but does no damage.
The golden dragon misses you. You block the green draconian's attack.
The green draconian tail-slaps you.
* * * LOW HITPOINT WARNING * * *
The golden dragon bites you!!
* * * LOW HITPOINT WARNING * * *
The golden dragon barely misses you.
The golden dragon tramples you but does no damage. 😱 HP[-48] MP[-12]
You take 48 damage, and now have 19/141 hp.
MASSIVE DAMAGE!! (PAUSE)
You lost 12 mp, and now have 4/24 mp.
You feel very sick.
The white draconian is no longer berserk.
You block the golden dragon's attack. The golden dragon misses you.
You block the golden dragon's attack. The storm dragon bites you!
* * * LOW HITPOINT WARNING * * *
The storm dragon claws you but does no damage.
The storm dragon tramples you.
* * * LOW HITPOINT WARNING * * *
You hold your ground!
The moth of wrath bites you.
You die...

Skill      XL: |  1  2  3  4  5  6  7  8  9 10 11 12 13 14 15 16 17 18 19 20 21 22 23 24 25 26 |
---------------+-------------------------------------------------------------------------------+-----
Fighting       | 3 4 5 6 7 8 9 10 11 12 13 14 15 | 15.6
Unarmed Combat | 5 7 9 12 13 14 15 16 17 18 19 20 21 22 | 22.8
Armour         | 2 6 10 11 13 14 15 16 | 16.4
Dodging        | 2 3 5 6 9 11 12 | 12.7
Evocations     | 1 5 6 7 8 |  8.0
Shields        | 3 5 6 9 13 14 15 16 17 19 21 | 21.3
Stealth        | 8 12 15 16 | 16.7

Action                   |  1- 3 |  4- 6 |  7- 9 | 10-12 | 13-15 | 16-18 | 19-21 | 22-24 | 25-27 || total
-------------------------+-------+-------+-------+-------+-------+-------+-------+-------+-------++-------
Melee: Unarmed           |    71 |    80 |   240 |   553 |  1096 |  1256 |  1305 |  1197 |   643 ||  6441
       Bite              |    17 |    26 |    73 |   263 |   534 |   515 |   627 |   696 |   390 ||  3141
       Punch             |     1 |       |    15 |    25 |       |       |       |       |       ||    41
 Fire: Hunting sling     |    22 |    60 |   108 |    60 |    19 |    25 |    32 |    34 |    29 ||   389
Throw: Stone             |       |       |       |       |       |     4 |       |       |     1 ||     5
Invok: Berserk           |     2 |     4 |     8 |    19 |    29 |    27 |    20 |    15 |    10 ||   134
       Trog's Hand       |       |       |       |     4 |     1 |     4 |     3 |     3 |     4 ||    19
       Brothers in Arms  |       |       |       |       |       |     3 |     2 |     1 |     3 ||     9
  Use: Scroll            |       |     3 |    14 |     8 |     9 |    12 |     2 |     5 |     4 ||    57
       Potion            |       |       |       |       |       |     1 |     2 |       |     3 ||     6
 Stab: Distracted        |       |       |       |       |     1 |       |     2 |     1 |     7 ||    11
       Petrified         |       |       |       |       |       |     4 |       |       |       ||     4
       Petrifying        |       |       |       |       |       |     1 |       |       |       ||     1
       Invisible         |       |       |       |       |       |       |     1 |       |       ||     1
       Sleeping          |       |       |       |       |       |       |     5 |    16 |     6 ||    27
Armor: Chain mail        |    32 |    27 |       |       |       |       |       |       |       ||    59
       Plate armour      |       |     8 |   134 |   368 |   647 |   636 |   507 |   413 |   136 ||  2849
Dodge: Dodged            |    26 |    29 |    60 |   187 |   235 |   290 |   408 |   294 |   187 ||  1716
Block: Kite shield       |       |       |       |    68 |   559 |   705 |   725 |       |       ||  2057
       Tower shield      |       |       |       |       |       |       |   192 |  1102 |   614 ||  1908

Levels and vault maps discovered:
D:1:      dpeg_arrival_tiny_d, layout_basic
D:2:      cheibrodos_pilgrimage, layout_rooms, basic_altar,
          ebering_ecumenical_altar_petrified, kennysheep_generic_room_3
D:3:      layout_basic, lemuel_doored_altar, kennysheep_generic_room_5
D:4:      layout_basic, marbit_many_paths, corner_web_ring, uniq_natasha
D:5:      layout_loops_ring, nicolae_overflow_crystal_walls,
          nicolae_uskayaw_murder_on_the_dancefloor, gup_sewer_entry_spiral,
          minmay_circle_x, uniq_blork_the_orc, uniq_crazy_yiuf_cottage
D:6:      layout_basic, lemuel_crystal_altar, temple_hall, serial_shops,
          nicolae_shop_crystal
D:7:      layout_rooms, enter_bailey_4, uniq_prince_ribbit1
D:8:      argonaut_augean_stables, layout_basic, grunt_qazlal_clouds,
          uniq_joseph
D:9:      layout_loops_ring, bloody_makhleb, lair_entry_dummy, david_orc_5,
          grunt_ministairs_9, nicolae_take_the_stairs, nicolae_shop_self_help
D:10:     layout_irregular_city
D:11:     layout_long_grid, st_stairs_1, serial_park_tiny_2
D:12:     layout_stronghold, chequers_serial_rivers_large_a,
          chequers_serial_rivers_micro_b, minmay_fractal_squares_diagonal_5
D:13:     layout_layer_cave, david_vaults_5, serial_shops, shop, serial_glass,
          glass_columns_b, glass_columns_a, glass_columns_c, glass_columns_a,
          uniq_kirke
D:14:     layout_irregular_city, serial_shops, kennysheep_mini,
          nrook_mini_vaults, uniq_agnes, uniq_snorg
D:15:     hangedman_depths_entry_try_elsewhere_first, layout_stronghold,
          kiku_gazebo_garden_becter, serial_shops, nicolae_shop_statue_plus,
          nicolae_looking_at_the_future
Lair:1:   layout_cave_shapes, grunt_megastairs_5, infiniplex_staircase_pool_2,
          lemuel_fruit_fields, serial_bayou_shore_b
Lair:2:   layout_roguey, grunt_megastairs_2, infiniplex_staircase_pool
Lair:3:   layout_chaotic_city, nicolae_swamp_entry_splash_gauntlet,
          guppyfry_snake_entry_island, lemuel_old_faithful, lemuel_fruit_tree,
          uniq_rupert
Lair:4:   pond_and_an_island_with_a_cottage, layout_regular_city,
          grunt_forest_small_clearings, serial_bayou_shore_b, grunt_megastairs_3
Lair:5:   layout_gridlike
Lair:6:   evilmike_catoblepas_cave, layout_regular_city, slime_altar_1,
          portal_ice_cave_entry_pillars_1
Swamp:1:  layout_basic_swamp, gammafunk_ghost_hydra_chop,
          evilmike_swamp_ruin_house_5, swamp_pool3, hangedman_swamp_cone,
          hangedman_swamp_pad, ldierk_geyser, hangedman_swamp_ravenous
Swamp:2:  layout_falls_marsh, nicolae_swamp_ascending_descending
Swamp:3:  layout_basic_swamp, serial_swamp_ruin, evilmike_swamp_ruin_house_4,
          evilmike_swamp_ruin_house_2
Swamp:4:  swamp, layout_basic_swamp, uniq_donald, uniq_mara
Snake:1:  layout_misc_corridors, grunt_ministairs_14, minmay_shoptagon,
          uniq_aizul
Snake:2:  layout_layer_cave, statue_in_the_mist_lemuel, nicolae_snake_shapes,
          minmay_shop_star
Snake:3:  layout_onion, special_room, nicolae_shop_overcharged_wands,
          grunt_megastairs_4, serial_bayou_shore_b, serial_bayou_shore_b
Snake:4:  grunt_snake_rune_serpentine_throne, layout_cave_town,
          grunt_ministairs_15
Orc:1:    layout_caves, basic_altar
Orc:2:    st_orc_rangers, layout_diamond_mine, serial_shops, shop_coins
Elf:1:    eino_elf_arrival_altar, layout_gridlike,
          hangedman_elven_crosses_minicolossus
Elf:2:    layout_geoelf_octagon
Elf:3:    minmay_elf_hall_not_hex, layout_loops_corners, serial_shops, shop,
          minmay_strange_pillars, st_stairs_9
Vaults:1: hangedman_vaults_variations, v_misc_3, nicolae_vaults_network_barrier,
          grunt_vaults_hallway_long, nicolae_vaults_little_squares_3,
          hangedman_vaults_snaps, vaults_room_mumra_shop_pool,
          vaults_room_guarded_vault, nicolae_vaults_border_crossing, v_misc_25,
          ontoclasm_vaults_twist, nicolae_vaults_network_s,
          nicolae_vaults_little_ls, layout_vaults_omnibox
Vaults:2: v_pattern_5, vaults_room_fours, v_misc_13, vaults_mumra_hexcomb,
          hangedman_vaults_corner_blocks, nicolae_vaults_twisting_passages,
          vaults_room_door_hall, nicolae_vaults_sealed_display,
          ontoclasm_vaults_bender, vaults_dpeg_diagonal, layout_vaults_ring,
          mu_enter_wizlab_4, serial_shops, shop_fountains
Vaults:3: nicolae_vaults_alarming, hangedman_vaults_stagger,
          minmay_crypt_entry_simple_sparse, ontoclasm_vaults_fault,
          ontoclasm_vaults_pinch, grunt_vaults_twisty, dpeg_vaults_waves,
          layout_vaults_chaotic_city, portal_desolation_entry_garden,
          serial_shops, nicolae_shop_window_shopping
Vaults:4: nicolae_vaults_hallways_thing, nicolae_vaults_specimen_jars,
          hangedman_vaults_capsules, v_misc_3, vaults_standard_mumra_x,
          v_alt_pattern_1, hangedman_vaults_impose, vaults_mumra_chevron,
          layout_vaults_omnigrid
Vaults:5: serial_shops, uniq_margery
Depths:1: minmay_box_of_statues, layout_gridlike, enter_ziggurat_f, hell_entry,
          pan_entry, nrook_pool_corridor, nicolae_wu_jian_wuxing_cycle
Depths:2: kennysheep_bubble_arena, layout_gridlike, small_statue_intersection,
          abyss_entry_small_statue_room, rand_demon_pan_entry_9, hell_entry,
          hex_intersection, grunt_decor_junction
Depths:3: hangedman_hanging_gardens, layout_small_grid, hell_entry, pan_entry,
          water_maze_lemuel, infiniplex_staircase_pillars_2, uniq_nikola,
          uniq_bai_suzhen
Depths:4: gammafunk_corrupted_shrine, layout_cave_shapes, hell_entry,
          abyss_entry, serial_shops, shop, kennysheep_decorative_pillar,
          ebering_dispersal_statue_hall, infiniplex_staircase_zigzag_2,
          serial_bayou_shore_a, uniq_mennas, uniq_sojobo
Depths:5: grunt_zot_entry_hairpin, layout_gridlike, grunt_pan_entry_spiral,
          nemelex_spade_bored_becter, pf_hell_entry_tar_river,
          nicolae_abyss_entry_one_way_or_another, serial_shops, shop_coins,
          shop, serial_bayou_shore_b, uniq_boris
Zot:1:    grunt_zot_stairs_mandelzot, layout_cathedral_of_symmetry
Zot:2:    layout_misc_corridors, st_large_dragon_hoard_3

Notes
Turn   | Place    | Note
-------+----------+-------------------------------------------
     0 | D:1      | Sobieck the Vine Stalker Berserker began the quest for the
                  | Orb.
     0 | D:1      | Reached XP level 1. HP: 11/11 MP: 2/2
     0 | D:1      | magus.rc [v1.9.6]
   180 | D:1      | Reached skill level 3 in Fighting
   237 | D:1      | You add the spells Apportation, Portal Projectile, Passage
                  | of Golubria, Summon Forest and Manifold Assault to your
                  | library.
   237 | D:1      | Got Juhihi Suble's Disquisition on Displacement {forbidden}
   275 | D:1      | Reached XP level 2. HP: 16/16 MP: 1/3
  1291 | D:2      | Reached XP level 3. HP: 21/21 MP: 4/4
  1397 | D:2      | Reached skill level 4 in Fighting
  1397 | D:2      | Gained mutation: Your natural rate of healing is unusually
                  | fast. [Vine Stalker growth]
  1397 | D:2      | Reached XP level 4. HP: 26/26 MP: 5/5
  1397 | D:2      | Reached ** piety under Trog
  1495 | D:2      | You pick up a book of Misfortune {forbidden} and begin
                  | reading...
  1495 | D:2      | You add the spells Confusing Touch, Gell's Gravitas,
                  | Petrify, Metabolic Englaciation and Yara's Violent
                  | Unravelling to your library.
  1545 | D:2      | Reached skill level 5 in Fighting
  1545 | D:2      | Reached XP level 5. HP: 30/30 MP: 6/6
  1831 | D:2      | Found a faded altar of an unknown god.
  1917 | D:2      | Found an iron altar of Okawaru.
  2128 | D:4      | Noticed a necrophage
  2146 | D:4      | Killed a necrophage
  2164 | D:4      | Reached XP level 6. HP: 26/36 MP: 4/7
  2282 | D:3      | Reached skill level 6 in Fighting
  2866 | D:4      | Reached skill level 4 in Unarmed Combat
  2918 | D:4      | Identified the +10 plate armour of the Sacrificial Victim
                  | {rN+ Stlth+}
  2964 | D:5      | Entered Level 5 of the Dungeon
  2964 | D:5      | Identified a +2 robe of the Archmagi
  2964 | D:5      | Noticed Blork the orc
  2975 | D:5      | Killed Blork the orc
  3191 | D:3      | Reached skill level 5 in Unarmed Combat
  3191 | D:3      | Reached XP level 7. HP: 30/40 MP: 8/8
  3218 | D:3      | Found a shimmering altar of Xom.
  3527 | D:4      | Reached skill level 6 in Unarmed Combat
  3759 | D:4      | Identified the +12 dagger of Dijeh {vorpal, rC- Int+5}
  3779 | D:4      | Noticed Natasha
  3788 | D:4      | Killed Natasha
  3945 | D:4      | Noticed Natasha
  3952 | D:4      | Killed Natasha
  3952 | D:4      | Reached *** piety under Trog
  4006 | D:4      | You pick up a book of Cantrips {forbidden} and begin
                  | reading...
  4006 | D:4      | You add the spells Corona, Animate Skeleton and Summon
                  | Small Mammal to your library.
  4319 | D:4      | Reached skill level 7 in Unarmed Combat
  4335 | D:4      | Found an ancient bone altar of Kikubaaqudgha.
  4419 | D:5      | Gained mutation: You have razor-sharp teeth. [Vine Stalker
                  | growth]
  4419 | D:5      | Reached XP level 8. HP: 44/44 MP: 9/9
  4575 | D:5      | Reached skill level 8 in Unarmed Combat
  4613 | D:5      | Reached skill level 9 in Unarmed Combat
  4864 | D:5      | Found a shadowy altar of Dithmenos.
  5160 | D:5      | Found a hide-covered altar of Uskayaw.
  5362 | D:5      | Found a runed translucent door.
  5363 | D:5      | Noticed Crazy Yiuf
  5662 | D:5      | Killed Crazy Yiuf
  5663 | D:5      | Reached XP level 9. HP: 48/48 MP: 10/10
  5914 | D:6      | Reached skill level 10 in Unarmed Combat
  5981 | D:6      | Reached **** piety under Trog
  6034 | D:6      | Found Burrani's Book Boutique.
  6116 | D:6      | Found a bloodstained altar of Trog.
  6197 | D:6      | Found a staircase to the Ecumenical Temple.
  6343 | D:6      | Reached skill level 11 in Unarmed Combat
  6579 | D:6      | Identified the +6 dagger of the Sage {antimagic, rCorr
                  | Dex+4}
  6967 | D:7      | Noticed Prince Ribbit
  6976 | D:6      | Killed Prince Ribbit
  7157 | D:7      | Reached skill level 12 in Unarmed Combat
  7516 | D:9      | Noticed a hornet
  7519 | D:9      | Killed a hornet
  7519 | D:9      | Reached ***** piety under Trog
  7520 | D:9      | Reached skill level 2 in Armour
  7520 | D:9      | Reached skill level 2 in Dodging
  7520 | D:9      | Reached skill level 1 in Evocations
  7764 | D:8      | Found a stormy altar of Qazlal.
  7779 | D:8      | Reached XP level 10. HP: 53/53 MP: 11/11
  7841 | D:8      | Reached skill level 2 in Evocations
  8130 | D:8      | Reached skill level 3 in Dodging
  8194 | D:8      | Noticed Joseph
  8202 | D:8      | Reached skill level 3 in Armour
  8212 | D:8      | Killed Joseph
  8213 | D:8      | Reached skill level 3 in Evocations
  8954 | D:8      | Reached skill level 4 in Armour
  9009 | D:8      | Noticed a death yak
  9028 | D:8      | Reached skill level 4 in Evocations
  9040 | D:8      | Killed a death yak
  9041 | D:8      | Reached skill level 5 in Armour
  9041 | D:8      | Reached skill level 5 in Evocations
  9058 | D:8      | Reached skill level 6 in Armour
  9109 | D:8      | Reached XP level 11. HP: 56/56 MP: 12/12
  9307 | D:9      | Found Yrchek's Jewellery Boutique.
  9395 | D:9      | Reached skill level 7 in Armour
  9507 | D:9      | Identified the ring "Rysmahih" {rElec rF+ rC+++ Will-
                  | Int-5}
  9515 | D:9      | Found a staircase to the Orcish Mines.
  9641 | D:9      | Received a gift from Trog
  9915 | D:9      | Reached skill level 8 in Armour
  9921 | D:10     | Entered Level 10 of the Dungeon
 10020 | D:9      | You add the spells Sting, Poisonous Vapours, Mephitic
                  | Cloud, Ignite Poison and Olgreb's Toxic Radiance to your
                  | library.
 10024 | D:9      | Found a burning altar of Makhleb.
 10205 | D:9      | Found Leraodan's Self-Improvement Boutique.
 10229 | D:9      | Found a staircase to the Lair.
 10418 | D:11     | Noticed a cyclops
 10598 | D:11     | Killed a cyclops
 10599 | D:11     | Reached skill level 9 in Armour
 10600 | D:11     | Noticed a boulder beetle
 11449 | D:10     | Noticed a manticore
 11460 | D:10     | Killed a manticore
 11564 | D:11     | Killed a boulder beetle
 11565 | D:11     | Reached skill level 10 in Armour
 11767 | D:11     | Noticed a two-headed ogre
 11791 | D:11     | Killed a two-headed ogre
 11792 | D:11     | Reached XP level 12. HP: 56/61 MP: 13/13
 11928 | D:11     | Noticed a death knight
 11933 | D:11     | Killed a death knight
 12229 | D:11     | Paralysed by a hornet for 3 turns
 12594 | D:11     | Reached skill level 1 in Shields
 13491 | D:13     | Reached skill level 6 in Evocations
 13539 | D:12     | You pick up a book of the Tempests {forbidden} and begin
                  | reading...
 13539 | D:12     | You add the spells Static Discharge, Lightning Bolt,
                  | Ignition, Polar Vortex and Shatter to your library.
 13593 | D:12     | Noticed a four-headed hydra
 13606 | D:12     | Killed a four-headed hydra
 13606 | D:12     | Received a gift from Trog
 13607 | D:12     | Reached skill level 2 in Shields
 13768 | D:12     | Reached skill level 7 in Fighting
 13768 | D:12     | Reached skill level 13 in Unarmed Combat
 13887 | D:12     | Noticed a boulder beetle
 13901 | D:12     | Killed a boulder beetle
 14335 | D:12     | Reached skill level 3 in Shields
 14335 | D:12     | Reached XP level 13. HP: 67/67 MP: 14/14
 14758 | D:13     | Noticed Kirke
 14765 | D:13     | Noticed a sphinx
 14784 | D:13     | Killed Kirke
 15190 | D:13     | Reached skill level 7 in Evocations
 15260 | D:13     | Found Rufaom's General Store.
 15299 | D:13     | Reached skill level 4 in Shields
 15462 | D:13     | Bought a scroll of identify for 28 gold pieces
 15526 | D:13     | Reached skill level 8 in Fighting
 15531 | D:13     | Reached skill level 14 in Unarmed Combat
 15547 | D:13     | Noticed a vault guard
 15553 | D:13     | Killed a vault guard
 15554 | D:13     | Reached skill level 11 in Armour
 15624 | D:13     | Found a gate to the Vaults.
 16547 | D:14     | Noticed Agnes
 16562 | D:14     | Killed Agnes
 16563 | D:14     | Reached skill level 5 in Shields
 16563 | D:14     | Reached XP level 14. HP: 44/74 MP: 9/15
 16627 | D:15     | Entered Level 15 of the Dungeon
 17241 | D:14     | Found Yzihamm's Weapon Shop.
 17264 | D:14     | Noticed Snorg
 17271 | D:14     | Killed Snorg
 17529 | D:15     | Found Itarghoku's Jewellery Boutique.
 17535 | D:15     | Bought an amulet of regeneration for 570 gold pieces
 17572 | D:15     | Reached skill level 8 in Evocations
 17773 | D:15     | You are cast into the Abyss!
 17773 | D:15     | Cast into level 3 of the Abyss (a wizard)
 17779 | Abyss:3  | Noticed a tentacled starspawn
 17788 | Abyss:3  | Killed a tentacled starspawn
 17811 | Abyss:3  | Found a corrupted altar of Lugonu.
 17967 | D:15     | You pass through the gate.
 17967 | D:15     | Escaped the Abyss
 18093 | D:14     | Reached ****** piety under Trog
 18228 | D:15     | Reached skill level 15 in Unarmed Combat
 18294 | D:15     | Reached skill level 9 in Fighting
 18611 | D:15     | Noticed a dire elephant
 18653 | D:15     | Reached skill level 6 in Shields
 18772 | D:15     | Received a gift from Trog
 19013 | D:15     | Found an ancient bone altar of Kikubaaqudgha.
 19584 | D:15     | Found a staircase to the Depths.
 20061 | Lair:1   | Entered Level 1 of the Lair of Beasts
 20251 | Lair:1   | Reached XP level 15. HP: 79/79 MP: 16/16
 21155 | Lair:2   | Reached skill level 7 in Shields
 21206 | Lair:2   | You pick up a book of Misfortune {forbidden} and begin
                  | reading...
 21412 | Lair:2   | Reached skill level 16 in Unarmed Combat
 21636 | Lair:2   | You pick up a book of Maledictions {forbidden} and begin
                  | reading...
 21636 | Lair:2   | You add the spells Ensorcelled Hibernation, Tukima's Dance
                  | and Dazzling Flash to your library.
 21886 | Lair:3   | Reached skill level 12 in Armour
 22282 | Lair:3   | Reached skill level 10 in Fighting
 22399 | Lair:3   | Found a staircase to the Snake Pit.
 22815 | Lair:3   | Found a staircase to the Swamp.
 23012 | Lair:4   | Received a gift from Trog
 23178 | Lair:4   | Reached skill level 8 in Shields
 24373 | Lair:5   | Reached skill level 9 in Shields
 24515 | Lair:6   | Entered Level 6 of the Lair of Beasts
 24643 | Lair:5   | You pick up a book of Air {forbidden} and begin reading...
 24643 | Lair:5   | You add the spells Shock, Swiftness and Airstrike to your
                  | library.
 25147 | Lair:6   | Reached skill level 13 in Armour
 25170 | Lair:6   | Reached XP level 16. HP: 83/85 MP: 16/17
 25283 | Lair:6   | Reached skill level 10 in Shields
 25528 | Lair:6   | Found a viscous altar of Jiyva.
 25541 | Lair:6   | Found a staircase to the Slime Pits.
 25803 | Lair:6   | You pick up a book of Maledictions {forbidden} and begin
                  | reading...
 25979 | Lair:6   | Reached skill level 11 in Shields
 26210 | Lair:6   | Received a gift from Trog
 26721 | Lair:6   | Identified the ring of the Lumpy Ziggurats {rC+ Str+3}
 27219 | Orc:1    | Entered Level 1 of the Orcish Mines
 27234 | Orc:2    | Entered Level 2 of the Orcish Mines
 27241 | Orc:2    | Found a staircase to the Elven Halls.
 27462 | Orc:2    | Found Utept's Magic Scroll Shop.
 27696 | Orc:2    | Reached skill level 12 in Shields
 27838 | Orc:2    | Found Wafes's General Store.
 27838 | Orc:2    | Found Cogowneu's Jewellery Shop.
 27905 | Orc:2    | Found Usaypek's Armour Boutique.
 27907 | Orc:2    | Found Fodast's Assorted Antiques.
 27924 | Orc:2    | Bought a scroll labelled KIFAUNK FUOVE for 31 gold pieces
 28235 | Orc:2    | Received a gift from Trog
 28417 | Orc:2    | Bought a ring of see invisible for 195 gold pieces
 28417 | Orc:2    | Bought the ring "Fotytio" {Will+ Str+3 Dex-3 Slay+3} for
                  | 579 gold pieces
 28461 | Elf:1    | Entered Level 1 of the Elven Halls
 28471 | Elf:1    | Paralysed by an air elemental for 1 turns
 28481 | Elf:1    | Found a radiant altar of Vehumet.
 28717 | Elf:1    | Reached skill level 13 in Shields
 28948 | Elf:1    | Reached XP level 17. HP: 60/89 MP: 8/18
 29050 | Elf:1    | Paralysed by an air elemental for 1 turns
 29056 | Elf:1    | Paralysed by an air elemental for 1 turns
 29061 | Elf:1    | Paralysed by an air elemental for 1 turns
 29133 | Elf:1    | Identified the +7 mace "Transmigrator" {antimagic, Str+5
                  | Int-3} (Trog gifted it to you on level 1 of the Elven
                  | Halls)
 29133 | Elf:1    | Received a gift from Trog
 29741 | Elf:3    | Entered Level 3 of the Elven Halls
 29749 | Elf:3    | Reached skill level 4 in Dodging
 29802 | Elf:2    | You add the spells Pain, Lesser Beckoning and Agony to your
                  | library.
 29802 | Elf:2    | Got the Almanac of Dislocated Stolen Souls {forbidden}
 29870 | Elf:2    | HP: 12/90 [something/shard of ice (14)]
 30150 | Elf:2    | Received a gift from Trog
 30155 | Elf:2    | Found a runed translucent gate.
 30155 | Elf:2    | Found a runed translucent gate.
 30156 | Elf:2    | Found a runed translucent gate.
 30708 | Elf:2    | HP: 22/90 [fire crab (shapeshifter) (9)]
 31172 | Elf:3    | Reached skill level 17 in Unarmed Combat
 31255 | Elf:3    | Found Wuusid's Weapon Emporium.
 31522 | Elf:3    | Received a gift from Trog
 31530 | Elf:3    | Reached skill level 5 in Dodging
 31936 | Elf:3    | You are cast into the Abyss!
 31936 | Elf:3    | Cast into level 2 of the Abyss (a deep elf sorcerer)
 31937 | Abyss:2  | Found a corrupted altar of Lugonu.
 31944 | Elf:3    | You pass through the gate.
 31944 | Elf:3    | Escaped the Abyss
 32085 | Elf:3    | Noticed a Hell Sentinel
 32094 | Elf:3    | Identified the +0 robe of the Lotus Blossom {-Cast -Tele
                  | rPois Dex+8}
 32094 | Elf:3    | Noticed a deep elf blademaster
 32109 | Elf:3    | Noticed a deep elf blademaster
 32255 | Elf:3    | Identified the +3 short sword of Insufficient Pleasure
                  | {drain, Contam Fragile +Blink rPois}
 32287 | Elf:3    | Killed a deep elf blademaster
 32292 | Elf:3    | Reached XP level 18. HP: 94/95 MP: 19/19
 32349 | Elf:3    | Killed a deep elf blademaster
 32350 | Elf:3    | Reached skill level 11 in Fighting
 32486 | Elf:3    | Identified the +10 halberd "Vine Stalker's Doom" {vorpal,
                  | rF+ Int+3}
 32502 | Elf:3    | Noticed a deep elf master archer
 32508 | Elf:3    | Killed a deep elf master archer
 32691 | Elf:3    | Noticed a deep elf blademaster
 32725 | Elf:3    | Killed a deep elf blademaster
 32726 | Elf:3    | Noticed a Brimstone Fiend
 32894 | Elf:3    | Noticed a Hell Sentinel
 32895 | Elf:3    | Noticed a deep elf blademaster
 32915 | Elf:3    | Identified the +4 short sword of Untimely Demise {pain,
                  | Dex+6}
 32921 | Elf:3    | Killed a deep elf blademaster
 32933 | Elf:3    | Received a gift from Trog
 33033 | Elf:3    | Reached skill level 6 in Dodging
 33249 | Elf:3    | Reached skill level 14 in Shields
 33282 | Elf:3    | Found the +8 longbow "Zephyr" {speed, Dex+3 SInv}
 33283 | Elf:3    | You pick up a book of Frost {forbidden} and begin
                  | reading...
 33283 | Elf:3    | You add the spells Freeze, Frozen Ramparts, Ozocubu's
                  | Armour and Hailstorm to your library.
 33309 | Elf:3    | You pick up a book of Geomancy {forbidden} and begin
                  | reading...
 33309 | Elf:3    | You add the spells Sandblast, Passwall, Stone Arrow and
                  | Lee's Rapid Deconstruction to your library.
 33322 | Elf:3    | Identified the +7 hunting sling of Damp Blind Justice
                  | {venom, Will+ rCorr}
 33324 | Elf:3    | You add the spells Corpse Rot, Eringya's Noxious Bog and
                  | Summon Hydra to your library.
 33420 | Elf:3    | You add the spells Call Imp, Call Canine Familiar, Freezing
                  | Cloud and Silence to your library.
 33420 | Elf:3    | Got the Disquisition on Cloudy Calling {forbidden}
 33808 | Snake:1  | Entered Level 1 of the Snake Pit
 34050 | Snake:1  | HP: 32/144 [poisoned by naga mage (concentrated venom)]
 34054 | Snake:1  | HP: 11/96 [poisoned by naga mage (concentrated venom)]
 34059 | Snake:1  | HP: 13/96 [poisoned by naga mage (concentrated venom)]
 34090 | Snake:1  | Noticed Aizul
 34101 | Snake:1  | Killed Aizul
 34241 | Snake:1  | Found Hugonaegh's Antique Armour Shoppe.
 34241 | Snake:1  | Found Figuar's Antique Armour Emporium.
 34249 | Snake:1  | Bought an embroidered cloak for 180 gold pieces
 34628 | Snake:1  | Reached skill level 18 in Unarmed Combat
 35392 | Snake:3  | Reached skill level 14 in Armour
 35680 | Snake:2  | Found Baastioc's Armour Emporium.
 35683 | Snake:2  | Found Wacsec's Armour Shoppe.
 35686 | Snake:2  | Found Areip's Weapon Emporium.
 35700 | Snake:2  | Bought the +0 pair of gloves of Cheibriados's Envy {Str+9}
                  | for 577 gold pieces
 35798 | Snake:2  | Reached XP level 19. HP: 101/101 MP: 18/20
 35803 | Snake:2  | Received a gift from Trog
 35812 | Snake:2  | Identified the +1 ring mail of Beogh's Regard {rC+ Stlth+}
 36589 | Snake:2  | Reached skill level 7 in Dodging
 37002 | Snake:3  | Found Siucuaru's Overcharged Wands.
 37008 | Snake:3  | Reached skill level 12 in Fighting
 37331 | Snake:4  | Entered Level 4 of the Snake Pit
 37786 | Snake:4  | HP: 23/102 [naga ritualist/Olgreb's Toxic Radiance (4)]
 37790 | Snake:4  | HP: 11/102 [poisoned by a naga ritualist (toxic radiance)]
 37795 | Snake:4  | HP: 22/102 [poisoned by a naga ritualist (toxic radiance)]
 37896 | Snake:4  | magus.rc [v1.9.6]
 38224 | Snake:4  | Reached skill level 19 in Unarmed Combat
 38411 | Snake:4  | Received a gift from Trog
 38521 | Snake:4  | Reached skill level 8 in Dodging
 38869 | Snake:4  | Reached skill level 15 in Shields
 38987 | Snake:4  | magus.rc [v1.9.6]
 39047 | Snake:4  | Reached skill level 9 in Dodging
 39219 | Snake:4  | Reached XP level 20. HP: 107/107 MP: 21/21
 39496 | Snake:4  | Reached skill level 10 in Dodging
 39692 | Snake:4  | Got a serpentine rune of Zot
 40196 | Swamp:1  | Entered Level 1 of the Swamp
 40202 | Swamp:1  | Found a runed translucent gate.
 40204 | Swamp:1  | Found a runed translucent gate.
 40204 | Swamp:1  | Noticed Iruic's ghost (adept OgFi)
 40205 | Swamp:1  | Found a runed translucent gate.
 40263 | Swamp:1  | Identified a scroll of acquirement
 40287 | Swamp:1  | Acquired a manual of Stealth
 40381 | Swamp:1  | Received a gift from Trog
 40485 | Swamp:1  | Reached skill level 11 in Dodging
 40597 | Swamp:1  | Reached skill level 1 in Stealth
 40666 | Swamp:1  | Reached skill level 2 in Stealth
 40846 | Swamp:1  | Identified the +5 ring mail of the Learner {rF- Str-5 Int+6
                  | Dex+3}
 40874 | Swamp:1  | Reached skill level 3 in Stealth
 41377 | Swamp:2  | Reached skill level 4 in Stealth
 41791 | Swamp:2  | Reached skill level 5 in Stealth
 41950 | Swamp:4  | Entered Level 4 of the Swamp
 41950 | Swamp:4  | Noticed Donald
 41982 | Swamp:3  | Received a gift from Trog
 42296 | Swamp:3  | Reached skill level 6 in Stealth
 42452 | Swamp:3  | magus.rc [v1.9.6]
 42602 | Swamp:3  | Killed Donald
 42951 | Swamp:4  | Reached skill level 7 in Stealth
 42969 | Swamp:4  | Noticed Mara
 43110 | Swamp:4  | Killed Mara
 43399 | Swamp:4  | Reached skill level 8 in Stealth
 43420 | Swamp:4  | Reached XP level 21. HP: 112/112 MP: 22/22
 43487 | Swamp:4  | Got a decaying rune of Zot
 43652 | Lair:3   | Noticed Rupert
 43658 | Lair:3   | Killed Rupert
 43995 | Vaults:1 | Entered Level 1 of the Vaults
 44048 | Vaults:1 | Reached skill level 9 in Stealth
 44264 | Vaults:2 | Found Xasu's Assorted Antiques.
 44389 | Vaults:2 | Reached skill level 10 in Stealth
 44395 | Vaults:2 | Found a magical portal.
 44408 | WizLab   | Entered Cigotuvi's Fleshworks
 44542 | WizLab   | Received a gift from Trog
 44558 | WizLab   | Paralysed by a floating eye for 4 turns
 44567 | WizLab   | Paralysed by a floating eye for 2 turns
 44584 | WizLab   | Identified the ring of the Frog {Fly SInv}
 44604 | WizLab   | Paralysed by a floating eye for 2 turns
 44918 | WizLab   | Reached skill level 13 in Fighting
 44950 | WizLab   | You pick up a book of Transfigurations {forbidden@e2} and
                  | begin reading...
 44950 | WizLab   | You add the spells Irradiate, Blade Hands, Statue Form,
                  | Storm Form and Dragon Form to your library.
 44952 | WizLab   | Got the Collected Works on Shape Shifting {forbidden}
 44954 | WizLab   | You add the spells Vampiric Draining, Excruciating Wounds
                  | and Simulacrum to your library.
 44954 | WizLab   | Got Cigotuvi's Catalogue of Doomed Transformation
                  | {forbidden}
 44980 | WizLab   | Reached skill level 11 in Stealth
 45134 | Vaults:2 | Reached skill level 12 in Dodging
 45398 | Vaults:1 | Received a gift from Trog
 45605 | Vaults:1 | Reached skill level 12 in Stealth
 45695 | Vaults:1 | You pick up a book of Cantrips {forbidden} and begin
                  | reading...
 45814 | Vaults:1 | You pick up a book of Air {forbidden} and begin reading...
 46006 | Vaults:1 | Reached XP level 22. HP: 117/119 MP: 23/23
 46046 | Vaults:1 | You pick up a book of Geomancy {forbidden} and begin
                  | reading...
 46120 | Vaults:1 | Found Wekhoady's Magic Scroll Shoppe.
 46131 | Vaults:1 | Reached skill level 13 in Stealth
 46140 | Vaults:1 | Reached skill level 15 in Armour
 46144 | Vaults:1 | Bought a scroll of acquirement for 1144 gold pieces
 46144 | Vaults:1 | Acquired 1079 gold pieces
 46146 | Vaults:1 | Bought a scroll of acquirement for 1144 gold pieces
 46146 | Vaults:1 | Acquired a +2 helmet of intelligence
 46535 | Vaults:3 | Found a ruined gateway.
 46760 | Vaults:2 | Received a gift from Trog
 47170 | Vaults:2 | Reached skill level 20 in Unarmed Combat
 47537 | Vaults:3 | Reached skill level 14 in Stealth
 47560 | Vaults:3 | Identified the +2 ring mail of the Imp {Contam rF+ rC+
                  | Str+4}
 47871 | Vaults:3 | Found Kunezed's Jewellery Shop.
 48164 | Vaults:3 | Found a staircase to the Crypt.
 48181 | Vaults:3 | Received a gift from Trog
 48348 | Vaults:3 | Reached skill level 15 in Stealth
 48378 | Vaults:4 | Reached skill level 14 in Fighting
 49652 | Vaults:4 | You pick up a book of Maledictions {forbidden} and begin
                  | reading...
 50579 | Depths:1 | Entered Level 1 of the Depths
 50655 | Depths:1 | Reached skill level 16 in Shields
 50655 | Depths:1 | Reached XP level 23. HP: 124/124 MP: 24/24
 50671 | Depths:1 | Received a gift from Trog
 50776 | Depths:1 | Found an ornate altar of the Wu Jian Council.
 50840 | Depths:1 | Found a gateway to a ziggurat.
 50884 | Depths:1 | Found a one-way gate leading to the halls of Pandemonium.
 51006 | Depths:2 | Identified the +0 leather armour "Xukuj" {Slay+3}
 51103 | Depths:1 | You pick up a book of Burglary {forbidden} and begin
                  | reading...
 51120 | Depths:1 | Found a gateway to Hell.
 51217 | Depths:1 | HP: 30/125 [white very ugly thing (34)]
 51218 | Depths:1 | HP: 2/125 [frost giant/bolt of cold (32)]
 51946 | Depths:1 | Reached skill level 16 in Armour
 52063 | Depths:2 | Received a gift from Trog
 52071 | Depths:3 | Noticed Nikola
 52173 | Depths:2 | Killed Nikola
 52295 | Depths:3 | Reached skill level 15 in Fighting
 52392 | Depths:2 | Found a one-way gate to the infinite horrors of the Abyss.
 52423 | Depths:2 | Reached skill level 21 in Unarmed Combat
 52986 | Depths:2 | Reached skill level 17 in Shields
 53200 | Depths:4 | Noticed Mennas
 53207 | Depths:4 | Killed Mennas
 53208 | Depths:4 | Reached XP level 24. HP: 131/131 MP: 24/24
 53837 | Depths:3 | Noticed Bai Suzhen
 53848 | Depths:3 | Killed Bai Suzhen
 54010 | Depths:3 | Received a gift from Trog
 54131 | Depths:3 | You pick up a book of Clouds {forbidden} and begin
                  | reading...
 54357 | Depths:3 | magus.rc [v1.9.6]
 54740 | Depths:4 | Noticed Sojobo
 54766 | Depths:4 | Killed Sojobo
 54923 | Depths:5 | Entered Level 5 of the Depths
 54940 | Depths:4 | Found Oxzuunom's Book Shop.
 55088 | Depths:4 | Reached skill level 22 in Unarmed Combat
 55106 | Depths:4 | Reached skill level 18 in Shields
 55229 | Depths:4 | +0 shadow dragon scales {rare}; a shadow dragon corpse
 55753 | Depths:4 | Noticed a juggernaut
 55773 | Depths:4 | Killed a juggernaut
 56262 | Depths:4 | Found a transporter.
 56267 | Depths:4 | Found a transporter.
 56267 | Depths:4 | Found a corrupted altar of Lugonu.
 56481 | Depths:5 | Noticed Louise
 56494 | Depths:5 | Received a gift from Trog
 56499 | Depths:5 | Killed Louise
 56635 | Depths:5 | Reached skill level 19 in Shields
 56777 | Depths:5 | Reached XP level 25. HP: 134/135 MP: 24/24
 56777 | Depths:5 | Noticed Boris
 56793 | Depths:5 | Killed Boris
 57332 | Depths:5 | Found a sparkling altar of Nemelex Xobeh.
 57754 | Depths:5 | Received a gift from Trog
 57762 | Depths:5 | Reached skill level 20 in Shields
 57811 | Depths:5 | Found a gate to the Realm of Zot.
 57833 | Depths:5 | HP: 49/202 [poison (poison gas)]
 57835 | Depths:5 | HP: 21/135 [poison (poison gas)]
 57840 | Depths:5 | HP: 16/135 [poison (poison gas)]
 58080 | Depths:5 | Found Qoav Uty's Armour Shoppe.
 58095 | Depths:5 | Found Peiklim's Assorted Antiques.
 58276 | Depths:5 | Bought a scroll of blinking for 165 gold pieces
 58646 | Vaults:5 | Entered Level 5 of the Vaults
 58808 | Vaults:5 | Noticed Margery
 58812 | Vaults:5 | Killed Margery
 59179 | Vaults:5 | You add the spells Spider Form and Starburst to your
                  | library.
 59179 | Vaults:5 | Got the Guide on Blistering Venom {forbidden}
 59206 | Vaults:5 | Identified the +1 cloak of Slovenliness {rElec rC- Dex+8
                  | SInv}
 59207 | Vaults:5 | Identified the +10 plate armour of Miracles {rCorr}
 59377 | Vaults:5 | You pick up a book of Annihilations {forbidden} and begin
                  | reading...
 59377 | Vaults:5 | You add the spells Lehudib's Crystal Spear, Chain Lightning
                  | and Fire Storm to your library.
 59397 | Vaults:5 | Reached skill level 21 in Shields
 59455 | Vaults:5 | Identified the +2 whip of Midsummer {flame, Str+4}
 59469 | Vaults:5 | HP: 33/133 [yaktaur captain/bolt (22)]
 59474 | Vaults:5 | Received a gift from Trog
 59580 | Vaults:5 | Identified the +8 shortbow "Forixan" {venom, rF+ rN++
                  | Int-2}
 59717 | Vaults:5 | +0 shadow dragon scales {rare}; a shadow dragon corpse
 59771 | Vaults:5 | Reached XP level 26. HP: 140/140 MP: 24/24
 59823 | Vaults:5 | Identified the +11 short sword "Fimaor" {vorpal, *Noise
                  | rF+++ Str+7}
 59825 | Vaults:5 | Noticed a dread lich
 59840 | Vaults:5 | Killed a dread lich
 59886 | Vaults:5 | Reached skill level 16 in Stealth
 59977 | Vaults:5 | +0 storm dragon scales {rare}; a storm dragon corpse
 60058 | Vaults:5 | Found Aneluot's Distillery.
 60167 | Vaults:5 | You pick up a book of Fire {forbidden} and begin reading...
 60198 | Vaults:5 | You add the spells Fulminant Prism and Ozocubu's
                  | Refrigeration to your library.
 60198 | Vaults:5 | Got Waugeoty's Almanac of Congealing Conjuration
                  | {forbidden@e2}
 60337 | Vaults:5 | You pick up a book of Clouds {forbidden} and begin
                  | reading...
 60339 | Vaults:5 | Got a silver rune of Zot
 60588 | Vaults:5 | Identified the +5 shortbow of Termination {flame, rElec
                  | rF++}
 60610 | Vaults:5 | You pick up a book of Dreams {forbidden} and begin
                  | reading...
 60610 | Vaults:5 | You add the spells Animate Armour, Borgnjor's Vile Clutch
                  | and Shadow Creatures to your library.
 60652 | Vaults:5 | You pick up a book of the Warp {forbidden} and begin
                  | reading...
 60652 | Vaults:5 | You add the spells Dispersal and Disjunction to your
                  | library.
 60653 | Vaults:5 | Identified the +2 leather armour "Vitho" {Str+2}
 60737 | Vaults:5 | Received a gift from Trog
 61155 | Zot:1    | Entered Level 1 of the Realm of Zot
 61255 | Zot:1    | Noticed an electric golem
 61265 | Zot:1    | Killed an electric golem
 61266 | Zot:1    | Noticed an electric golem
 61275 | Zot:1    | Killed an electric golem
 61491 | Zot:1    | +0 storm dragon scales {rare}; a storm dragon corpse
 61500 | Zot:1    | +0 storm dragon scales {rare}; a storm dragon corpse
 61840 | Zot:1    | +0 shadow dragon scales {rare}; a shadow dragon corpse
 62167 | Zot:1    | Noticed a Killer Klown
 62168 | Zot:1    | Noticed a Killer Klown
 62171 | Zot:1    | Noticed a Killer Klown
 62186 | Zot:1    | Killed a Killer Klown
 62193 | Zot:1    | Noticed an orb of fire
 62203 | Zot:1    | HP: 19/141 [golden dragon (27)]
 62204 | Zot:1    | HP: 6/141 [storm dragon (13)]
 62204 | Zot:1    | HP: 1/141 [storm dragon (5)]
 62204 | Zot:1    | Slain by a moth of wrath

Vanquished Creatures
  A dread lich (Vaults:5)
  Mara (Swamp:4)
  Mennas (Depths:4)
  A juggernaut (Depths:4)
  Sojobo (Depths:4)
  Boris (Depths:5)
  A Killer Klown (Zot:1)
  A golden dragon (Vaults:5)
  A mutant beast (WizLab)
  Nikola (Depths:2)
  2 electric golems (Zot:1)
  7 tentacled monstrosities
  3 liches
  A titan (Vaults:5)
  2 quicksilver dragons
  4 deep elf blademasters (Elf:3)
  Rupert (Lair:3)
  A deep elf master archer (Elf:3)
  A death cob (Zot:1)
  A tentacled starspawn (Abyss:3)
  Kirke (D:13)
  9 sphinxes
  A thorn hunter (Swamp:3)
  Agnes (D:14)
  8 tengu reavers
  A draconian monk (Zot:1)
  8 storm dragons
  6 shadow dragons
  Donald (Swamp:3)
  7 nagarajas
  12 fire giants
  8 frost giants
  2 draconian shifters
  15 vault wardens
  2 ghouls
  7 deep elf sorcerers
  Louise (Depths:5)
  Aizul (Snake:1)
  2 draconian scorchers (Zot:1)
  3 deep elf elementalists
  2 spriggan defenders
  14 ironbound preservers
  A draconian annihilator (Zot:1)
  A draconian stormcaller (Depths:5)
  3 war gargoyles
  An emperor scorpion (Depths:3)
  3 spectral caustic shrikes (Depths:5)
  29 very ugly things
  9 deep elf demonologists
  23 stone giants
  2 bunyips
  A vampire knight (Depths:2)
  3 green draconians
  A black draconian (Zot:1)
  5 deep elf annihilators (Elf:3)
  3 dire elephants
  6 purple draconians
  2 white draconians
  2 red draconians
  A yellow draconian (Zot:1)
  6 eleionomae
  A merfolk javelineer (Depths:5)
  10 ettins
  A merfolk impaler (Depths:3)
  19 yaktaur captains
  2 deep elf death magi (Elf:3)
  6 fire dragons
  2 jiangshi (Depths:1)
  Snorg (D:14)
  9 deep elf high priests
  3 shambling mangroves
  4 salamander tyrants
  8 great orbs of eyes
  3 rakshasas (Depths:1)
  31 vault guards
  27 hydras
  12 ice dragons
  5 ironbound thunderhulks
  11 naga warriors
  8 boulder beetles
  23 anacondas
  3 ghost crabs
  3 spriggan air magi
  5 catoblepae
  16 centaur warriors
  3 peacekeepers
  5 ironbound frosthearts
  8 alligators
  5 two-headed ogres
  11 deep troll shamans
  A death knight (D:11)
  4 tengu warriors
  8 death yaks
  4 ironbound beastmasters
  9 deep troll earth magi
  A hell hog (Depths:3)
  A thrashing horror (Abyss:3)
  11 dancing weapons
  4 vampire magi
  9 naga sharpshooters
  An iron golem (WizLab)
  8 hell knights
  12 shock serpents
  An orc high priest (Elf:2)
  15 spriggans
  8 spriggan berserkers
  A fire crab (shapeshifter) (WizLab)
  17 deep elf knights
  2 salamander mystics
  A wretched star (D:14)
  12 iron trolls
  6 skeletal warriors
  A sea snake (shapeshifter) (WizLab)
  7 goliath frogs
  9 swamp dragons
  55 deep trolls
  9 naga ritualists
  2 glowing orange brains (Depths:1)
  6 spriggan druids
  2 flayed ghosts
  5 lindwurms
  11 bog bodies
  3 wolf spiders
  4 phantasmal warriors (Vaults:5)
  7 wizards
  3 harpies (shapeshifter)
  8 harpies
  11 deep elf archers
  27 deep elf zephyrmancers
  6 necromancers
  15 ironbound convokers
  2 orc sorcerers
  38 deep elf pyromancers
  A mana viper (shapeshifter) (Vaults:5)
  2 human zombies (Vaults:3)
  10 mana vipers
  7 manticores
  3 orc knights
  3 salamanders (shapeshifter)
  5 cyclopes
  46 ugly things
  2 wolf spiders (shapeshifter)
  22 elephants
  A worldbinder (Abyss:3)
  An elephant (shapeshifter) (Elf:2)
  2 will-o-the-wisps (Swamp:1)
  7 moths of wrath
  21 vault sentinels
  21 salamanders
  11 guardian serpents
  A frost giant skeleton (Vaults:3)
  38 black mambas
  Joseph (D:8)
  A guardian serpent (shapeshifter) (WizLab)
  A torpor snail (Lair:4)
  2 black mambas (shapeshifter)
  A cane toad (shapeshifter) (WizLab)
  22 naga magi
  2 gargoyles
  17 cane toads
  3 rime drakes
  An unseen horror (D:11)
  33 yaktaurs
  5 komodo dragons
  A yaktaur (shapeshifter) (WizLab)
  3 freezing wraiths
  5 tengu conjurers
  An efreet (Abyss:3)
  2 komodo dragons (shapeshifter) (WizLab)
  A tormentor (Depths:2)
  A queen bee (D:15)
  2 ice devils (Depths:2)
  A meliai (shapeshifter) (D:14)
  A jumping spider (shapeshifter) (D:13)
  4 tyrant leeches
  3 meliai (D:15)
  A queen bee (shapeshifter) (WizLab)
  5 trolls
  2 red devils
  4 polar bears
  2 polar bears (shapeshifter) (WizLab)
  Prince Ribbit (D:6)
  32 slime creatures
  17 hornets
  39 blink frogs
  A raiju (shapeshifter) (Vaults:3)
  2 dream sheep (Lair:4)
  An ettin zombie (Vaults:3)
  2 flying skulls (Elf:3)
  An air elemental (Elf:1)
  8 large abominations
  2 shadows
  A tarantella (shapeshifter) (WizLab)
  A spriggan (shapeshifter) (WizLab)
  A ynoxinul (Depths:2)
  16 water elementals
  72 yaks
  A yak (shapeshifter) (WizLab)
  5 basilisks
  5 hogs (D:13)
  A golden eye (shapeshifter) (WizLab)
  7 wraiths
  4 fire elementals
  3 wyverns
  2 hogs (shapeshifter) (WizLab)
  7 small abominations
  2 steam dragons (D:8)
  A chaos spawn (Abyss:3)
  48 nagas
  6 vampire mosquitoes
  3 wargs
  13 swamp worms
  5 acid dragons
  14 water moccasins
  4 floating eyes (WizLab)
  A water moccasin (shapeshifter) (WizLab)
  8 swamp drakes
  A black bear (shapeshifter) (WizLab)
  A meliai simulacrum (D:13)
  A black bear (D:6)
  6 necrophages
  2 ice beasts
  An elephant zombie (Lair:4)
  44 orc warriors
  A sky beast (D:8)
  5 ogres
  4 boggarts
  A boggart (shapeshifter) (D:13)
  6 wolves (Lair:6)
  A human skeleton (Vaults:3)
  22 centaurs
  2 phantoms
  Blork the orc (D:5)
  A kobold brigand (D:5)
  6 earth elementals
  2 komodo dragon zombies (Lair:4)
  10 bullfrogs
  6 scorpions
  2 gnoll sergeants (D:8)
  29 killer bees
  A water moccasin skeleton (D:6)
  3 wights (D:6)
  4 electric eels
  A bullfrog zombie (D:7)
  4 jellies
  4 centaur zombies
  2 hounds
  A basilisk zombie (Lair:4)
  Crazy Yiuf (D:5)
  3 bullfrog skeletons
  21 orc priests
  2 gnoll shamans
  3 iguanas
  2 iguanas (shapeshifter)
  Natasha (twice) (D:4)
  9 hell rats
  18 orc wizards
  2 killer bee zombies (D:9)
  2 howler monkey zombies
  5 adders
  15 gnolls
  A shadow imp (D:6)
  2 white imps (D:5)
  3 ufetubi
  3 worms
  88 orcs
  5 endoplasms
  8 giant cockroaches
  7 goblins
  7 hobgoblins
  2 jackals (D:1)
  6 quokkas
  8 ball pythons
  4 bats
  4 frilled lizards
  11 kobolds
  8 rats
  A briar patch (Swamp:3)
1956 creatures vanquished.

Vanquished Creatures (collateral kills)
  Bai Suzhen (Depths:3)
  Margery (Vaults:5)
  A golden dragon (Vaults:5)
  A titan (Vaults:5)
  A tengu reaver (Vaults:5)
  A nagaraja (Snake:4)
  A deep elf annihilator (Elf:3)
  A deep elf death mage (Vaults:5)
  A yaktaur captain (Vaults:5)
  A vault guard (Vaults:5)
  A spriggan (Depths:3)
  2 moths of wrath (Zot:1)
  A yaktaur (Vaults:5)
  A hornet (Depths:3)
15 creatures vanquished.

Vanquished Creatures (others)
  A very ugly thing (Depths:3)
  A great orb of eyes (Depths:3)
  A deep elf knight (Elf:2)
  2 bloated husks
  An air elemental (Elf:1)
  A water elemental (Elf:2)
  A human (D:13)
  A naga (Snake:2)
  A bush (Depths:3)
  10 foxfires (Swamp:1)
  30 fungi
  87 plants
  2 starspawn tentacles (Abyss:3)
  2 withered plants (D:15)
141 creatures vanquished.

Grand Total: 2112 creatures vanquished

Table legend:
 A = Non-vault XP
 B = Vault XP
 C = Vault XP percentage of total XP
 D = Non-vault monster count
 E = Vault monster count
 F = Vault count percentage of total count
                 A         B        C        D         E       F
            +---------+---------+-------+---------+---------+-------
      Total |  639837 |  577987 |  47.5 |    1249 |     722 |  36.6
            +---------+---------+-------+---------+---------+-------
        D:1 |      26 |       0 |   0.0 |      17 |       0 |   0.0
        D:2 |      66 |      83 |  55.7 |      17 |       5 |  22.7
        D:3 |     190 |       2 |   1.0 |      21 |       1 |   4.5
        D:4 |     607 |      74 |  10.9 |      19 |       2 |   9.5
        D:5 |     769 |     449 |  36.9 |      26 |      13 |  33.3
        D:6 |    1112 |     283 |  20.3 |      29 |       1 |   3.3
        D:7 |     740 |      11 |   1.5 |      17 |       5 |  22.7
        D:8 |    1475 |    3572 |  70.8 |      28 |      13 |  31.7
        D:9 |    2263 |    1005 |  30.8 |      32 |      24 |  42.9
       D:10 |    3640 |       0 |   0.0 |      24 |       0 |   0.0
       D:11 |    5638 |    1512 |  21.1 |      27 |       2 |   6.9
       D:12 |    6963 |    2500 |  26.4 |      28 |       5 |  15.2
       D:13 |    6757 |   12294 |  64.5 |      20 |      22 |  52.4
       D:14 |    7050 |    3165 |  31.0 |      14 |       2 |  12.5
       D:15 |   14029 |    2920 |  17.2 |      28 |      17 |  37.8
     Lair:1 |    5058 |    1418 |  21.9 |      21 |       2 |   8.7
     Lair:2 |    4678 |    1388 |  22.9 |      22 |       2 |   8.3
     Lair:3 |    4501 |    4350 |  49.1 |      14 |      10 |  41.7
     Lair:4 |   11506 |    2872 |  20.0 |      40 |      16 |  28.6
     Lair:5 |    8986 |       0 |   0.0 |      24 |       0 |   0.0
     Lair:6 |   13581 |   12198 |  47.3 |      45 |      23 |  33.8
    Swamp:1 |   20243 |    7161 |  26.1 |      33 |      13 |  28.3
    Swamp:2 |   10569 |       0 |   0.0 |      18 |       0 |   0.0
    Swamp:3 |   17364 |    1904 |   9.9 |      26 |       1 |   3.7
    Swamp:4 |    3322 |   23484 |  87.6 |       7 |      26 |  78.8
    Snake:1 |    9909 |    2501 |  20.2 |      21 |       3 |  12.5
    Snake:2 |   22811 |    4675 |  17.0 |      41 |       8 |  16.3
    Snake:3 |   25750 |    3769 |  12.8 |      46 |       4 |   8.0
    Snake:4 |   17097 |   43660 |  71.9 |      29 |      70 |  70.7
      Orc:1 |    2235 |       0 |   0.0 |      19 |       0 |   0.0
      Orc:2 |    2067 |    6129 |  74.8 |      19 |      42 |  68.9
      Elf:1 |   12430 |   15394 |  55.3 |      23 |      23 |  50.0
      Elf:2 |   22947 |    3246 |  12.4 |      38 |       4 |   9.5
      Elf:3 |   19726 |   47299 |  70.6 |      34 |      33 |  49.3
   Vaults:1 |   25215 |   32368 |  56.2 |      27 |      36 |  57.1
   Vaults:2 |   20765 |   16986 |  45.0 |      29 |      20 |  40.8
   Vaults:3 |   36724 |   24626 |  40.1 |      54 |      24 |  30.8
   Vaults:4 |   10487 |   12425 |  54.2 |      13 |      18 |  58.1
   Vaults:5 |   29205 |  126200 |  81.2 |      36 |      90 |  71.4
   Depths:1 |   47968 |   25741 |  34.9 |      49 |      21 |  30.0
   Depths:2 |   32356 |   15754 |  32.7 |      35 |      13 |  27.1
   Depths:3 |   22020 |   30032 |  57.7 |      22 |      25 |  53.2
   Depths:4 |   48628 |   18071 |  27.1 |      43 |       4 |   8.5
   Depths:5 |   33756 |   32147 |  48.8 |      41 |      21 |  33.9
      Zot:1 |   39560 |    9132 |  18.8 |      23 |       6 |  20.7
      Zot:2 |    2468 |       0 |   0.0 |       2 |       0 |   0.0
    Abyss:3 |    4580 |       0 |   0.0 |       8 |       0 |   0.0
     WizLab |       0 |   25187 | 100.0 |       0 |      52 | 100.0
            +---------+---------+-------+---------+---------+-------

Illustrated notes

Table legend:
 A = Kills in this place as a percentage of kills in entire the game.
 B = Kills by you in this place as a percentage of kills by you in the entire game.
 C = Kills by friends in this place as a percentage of kills by friends in the entire game.
 D = Other kills in this place as a percentage of other kills in the entire game.
 E = Experience gained in this place as a percentage of experience gained in the entire game.
 F = Experience gained in this place divided by the number of levels of this place that you have seen.
                   A       B       C       D       E      F
               +-------+-------+-------+-------+-------+----------------------
         Total | 100.0 | 100.0 | 100.0 | 100.0 | 100.0 | 24853.6
       Dungeon |  23.3 |  23.5 |   0.0 |   0.0 |   6.5 | 5279.7
          Lair |  11.1 |  11.2 |   0.0 |   0.0 |   5.8 | 11756.0
         Swamp |   6.3 |   6.3 |   0.0 |   0.0 |   6.9 | 21011.8
     Snake Pit |  11.3 |  11.3 |   6.7 | 100.0 |  10.7 | 32543.0
  Orcish Mines |   4.1 |   4.1 |   0.0 |   0.0 |   0.9 | 5215.5
   Elven Halls |   7.9 |   7.9 |   6.7 |   0.0 |   9.9 | 40347.3
        Vaults |  17.6 |  17.3 |  53.3 |   0.0 |  27.5 | 67000.2
        Depths |  13.9 |  13.9 |  20.0 |   0.0 |  25.2 | 61294.6
           Zot |   1.6 |   1.5 |  13.3 |   0.0 |   4.2 | 25580.0
         Abyss |   0.4 |   0.4 |   0.0 |   0.0 |   0.4 | 2290.0
        Wizlab |   2.6 |   2.7 |   0.0 |   0.0 |   2.1 | 25187.0
               +-------+-------+-------+-------+-------+----------------------

Table legend: (Time is in decaauts)
 A = Elapsed time spent in this place.
 B = Non-inter-level travel time spent in this place.
 C = Inter-level travel time spent in this place.
 D = Time resting spent in this place.
 E = Time spent auto-exploring this place.
 F = Levels seen in this place.
 G = Mean time per level.
                   A        B        C        D        E       F      G
               +--------+--------+--------+--------+--------+-----+--------+
         Total |  62355 |  57989 |   4366 |  14145 |  29585 |  49 | 1272.6 |
       Dungeon |  20771 |  19091 |   1680 |   5378 |  10209 |  15 | 1384.7 |
          Lair |   7441 |   6796 |    645 |   1940 |   3632 |   6 | 1240.2 |
         Swamp |   3606 |   3376 |    230 |    797 |   1666 |   4 |  901.5 |
     Snake Pit |   6363 |   6133 |    230 |   1864 |   2732 |   4 | 1590.8 |
  Orcish Mines |   1220 |   1075 |    145 |     50 |    702 |   2 |  610.0 |
   Elven Halls |   5117 |   4929 |    188 |   1337 |   1813 |   3 | 1705.7 |
        Vaults |   8043 |   7371 |    672 |    712 |   4359 |   5 | 1608.6 |
        Depths |   7924 |   7362 |    562 |   1770 |   3868 |   5 | 1584.8 |
           Zot |   1019 |   1009 |     10 |    237 |    580 |   2 |  509.5 |
         Abyss |    214 |    214 |      0 |     52 |     20 |   2 |  107.0 |
        Wizlab |    634 |    634 |      0 |      4 |      0 |   1 |  634.0 |
               +--------+--------+--------+--------+--------+-----+--------+

Top non-repeatable levels by time:
   Elf:3: 2619 daAuts
 Snake:4: 2292 daAuts
Vaults:5: 1996 daAuts
 Snake:2: 1988 daAuts
Depths:4: 1940 daAuts
  Lair:6: 1925 daAuts
    D:15: 1902 daAuts
    D:12: 1882 daAuts
Depths:5: 1835 daAuts
    D:14: 1801 daAuts
Vaults:3: 1790 daAuts
    D:13: 1693 daAuts
Depths:2: 1589 daAuts
    D:11: 1566 daAuts
     D:5: 1547 daAuts
